 Dungeon Crawl Stone Soup version 0.32-a0-576-g706899e69d (console) character file.

Game seed: 14121494635770287466

6376 jejorda2 the Spear-Bearer (level 10, -2/74 (76) HPs)
             Began as a Coglin Berserker on Mar 2, 2024.
             Was an Elder of Trog.
             Killed by divine providence
             ... invoked by an orc priest
              (21 damage)
             ... on level 9 of the Dungeon.
             The game lasted 00:15:27 (7099 turns).

jejorda2 the Spear-Bearer (Coglin Berserker)        Turns: 7099, Time: 00:15:28

HP:   -2/74 (76)    AC: 17    Str: 23    XL:     10   Next: 97%
MP:   10/10         EV:  7    Int:  6    God:    Trog [****..]
Gold: 402           SH:  0    Dex: 13    Spells: 9/9 levels left

rFire   . . .        w - +1 trident (venom) {Nenetl}
rCold   . . .        h - +5 spear (freeze) {Harkiran}
rNeg    . . .        A - +0 plate armour
rPois   .            (no helmet)
rElec   .            q - +0 cloak
rCorr   .            (no gloves)
SInv    .            B - +2 pair of boots
Will    .....        (amulet unavailable) Stlth
                     (ring unavailable)
HPRegen 0.32/turn    (ring unavailable)
MPRegen 0.12/turn    (no gizmo)

%: no passive effects
@: lethally poisoned (-2 -> -7), fragile (+50% incoming damage), slowed, lightly
drained, revving, very slow
A: off-hand wielding, slow wielding, warmup strikes, no jewellery
a: Invent Gizmo, Renounce Religion, Berserk, Trog's Hand, Brothers in Arms


You were on level 9 of the Dungeon.
You worshipped Trog.
Trog was greatly pleased with you.
You visited 1 branch of the dungeon, and saw 9 of its levels.

You collected 402 gold pieces.

Inventory:

Hand Weapons
 h - a +5 spear of freezing (offhand) {Harkiran}
 w - a +1 trident of venom (weapon) {Nenetl}
 z - a +0 trident {Londisizwe}
Missiles
 a - 10 boomerangs
 r - 18 poisoned darts (quivered)
Armour
 q - a +0 cloak (worn)
 A - a +0 plate armour (worn)
 B - a +2 pair of boots (worn)
Wands
 j - a wand of mindburst (14)
 x - a wand of flame (38)
 y - a wand of charming (11)
 F - a wand of warping (8)
Scrolls
 b - 4 scrolls of teleportation
 d - a scroll of enchant weapon
 g - 2 scrolls of fear
 l - a scroll of poison
 t - 2 scrolls of revelation
Potions
 c - a potion of might
 e - a potion of invisibility {unknown}
 f - 2 potions of mutation
 i - a potion of haste {unknown}
 k - a potion of brilliance {unknown}
 m - 6 potions of curing
 o - a potion of heal wounds {unknown}
 p - a potion of lignification {unknown}
 E - a potion of magic {unknown}


   Skills:
 - Level 6.0 Fighting
 + Level 12.7 Polearms
 - Level 6.0 Armour
 - Level 1.7 Dodging
 + Level 4.4 Evocations


You had 9 spell levels left.
You didn't know any spells.
Your spell library was empty.

Dungeon Overview and Level Annotations

Branches:
Dungeon (9/15)             Temple (0/1) D:6            Lair (0/5) D:8
    Orc: D:9-12

Altars:
Nemelex Xobeh
Beogh

Annotations:
D:9 Psyche


Innate Abilities, Weirdness & Mutations

You can wield a second weapon in your off-hand.
It takes a long time for you to wield or remove held weapons.
Your first few attacks do less damage.
You cannot equip rings or amulets.


Message History

You hit the bullfrog with your +1 trident of venom.
The bullfrog barely misses you.
The orc priest calls upon Beogh to heal the orc warrior.
The orc warrior's wounds heal themselves!
You hit the bullfrog but do no damage.
The bullfrog is heavily wounded.
You hit the bullfrog but do no damage.
The bullfrog hits you but does no damage.
The bullfrog barely misses you.
The orc priest invokes the aid of Beogh against you.
Beogh smites you!
An orc wizard comes into view. It is wielding a +0 dagger.
You hear a shout!
You puncture the bullfrog with your +5 spear of freezing!
You freeze the bullfrog.
You kill the bullfrog!
Trog accepts your kill.
You puncture something with your +1 trident of venom!
You closely miss something with your +5 spear of freezing.
Something hits you but does no damage.
You are electrocuted!
You reach to attack!
You hit the orc warrior but do no damage.
The orc warrior is poisoned.
You barely miss the orc warrior with your +5 spear of freezing.
The orc priest mumbles some strange prayers to Beogh against you.
Beogh smites you! Something hits you.
* * * LOW HITPOINT WARNING * * *
You feel drained. Something hits you but does no damage.
Your body becomes as fragile as glass!
A kobold comes into view. It is wielding a +0 whip.
The orc wizard casts a spell.
The orc wizard flickers and vanishes!
Found 11 gold pieces.
Something hits you but does no damage.
You are poisoned.
Found 12 gold pieces.
You feel very sick.
You hear some strange, mumbled words.
The orc priest calls down the wrath of Beogh upon you.
Beogh smites you!
You die...

..$ #.# #.# #.#
#.# #.#
#.#####<#######.
......$@........
########.######
#o# #.# #.# #.#
########o#######
........o.......
#.....K.#######


You could see an orc warrior (poisoned), an orc priest and an orc.

Vanquished Creatures
  A death yak (D:8)
  Pikel (D:4)
  A komodo dragon (D:8)
  Prince Ribbit (D:5)
  A wraith (D:9)
  Sigmund (D:5)
  Eustachio (D:5)
  9 yaks
  A basilisk (D:8)
  Menkaure (D:6)
  Edmund (D:5)
  3 orc warriors
  A sky beast (D:8)
  An ogre (D:8)
  2 black bears
  2 centaurs
  3 lemures
  2 bullfrogs
  3 scorpions
  4 wights (D:8)
  6 killer bees
  2 howler monkeys
  2 bombardier beetles
  5 hounds
  2 jellies (D:8)
  Crazy Yiuf (D:2)
  6 orc priests
  A gnoll bouda (D:5)
  2 sleepcaps
  3 iguanas
  10 orc wizards
  Natasha (thrice) (D:2)
  5 gnolls (D:5)
  10 adders
  2 white imps
  4 dart slugs
  2 ribbon worms
  46 orcs
  3 ball pythons
  4 bats (D:1)
  4 endoplasms
  5 giant cockroaches
  7 hobgoblins
  6 jackals
  2 quokkas
  A frilled lizard (D:1)
  4 goblins
  8 kobolds
  5 rats
201 creatures vanquished.

Notes
Turn   | Place    | Note
-------+----------+-------------------------------------------
     0 | D:1      | jejorda2 the Coglin Berserker began the quest for the Orb.
     0 | D:1      | Reached XP level 1. HP: 18/18 MP: 1/1
   139 | D:1      | Found a faded altar of an unknown god.
   232 | D:1      | Reached skill level 3 in Polearms
   232 | D:1      | Reached XP level 2. HP: 24/24 MP: 2/2
   612 | D:1      | Reached XP level 3. HP: 29/29 MP: 3/3
  1046 | D:2      | Reached ** piety under Trog
  1179 | D:2      | Reached XP level 4. HP: 37/37 MP: 4/4
  1242 | D:2      | Noticed Natasha
  1247 | D:2      | Killed Natasha
  1300 | D:2      | Noticed Natasha
  1305 | D:2      | Killed Natasha
  1306 | D:2      | Reached skill level 4 in Polearms
  1306 | D:2      | Reached XP level 5. HP: 36/43 MP: 5/5
  1343 | D:2      | Found a runed translucent door.
  1344 | D:2      | Noticed Crazy Yiuf
  1350 | D:2      | Killed Crazy Yiuf
  2069 | D:3      | Reached skill level 5 in Fighting
  2069 | D:3      | Reached XP level 6. HP: 32/51 MP: 6/6
  2524 | D:4      | Noticed a yak
  2524 | D:4      | Noticed a yak
  2529 | D:4      | Noticed a yak
  2532 | D:4      | Noticed a yak
  2536 | D:4      | Reached skill level 5 in Polearms
  2539 | D:4      | Killed a yak
  2540 | D:4      | Reached XP level 7. HP: 48/57 MP: 7/7
  2542 | D:4      | Killed a yak
  2543 | D:4      | Reached skill level 6 in Polearms
  2548 | D:4      | Killed a yak
  2560 | D:4      | Killed a yak
  2561 | D:4      | Reached skill level 7 in Polearms
  2561 | D:4      | Reached XP level 8. HP: 14/64 MP: 8/8
  2806 | D:4      | Reached *** piety under Trog
  3076 | D:5      | Entered Level 5 of the Dungeon
  3076 | D:5      | Noticed Sigmund
  3089 | D:5      | Killed Sigmund
  3090 | D:5      | Reached skill level 8 in Polearms
  3198 | D:5      | Noticed Edmund
  3199 | D:5      | Noticed Prince Ribbit
  3211 | D:5      | Killed Edmund
  3224 | D:5      | Noticed Pikel
  3479 | D:4      | Killed Pikel
  3480 | D:4      | Reached skill level 9 in Polearms
  3480 | D:4      | Reached XP level 9. HP: 65/69 MP: 9/9
  3556 | D:5      | Killed Prince Ribbit
  3557 | D:5      | Reached skill level 10 in Polearms
  3712 | D:5      | Noticed Eustachio
  3727 | D:5      | Killed Eustachio
  4259 | D:6      | Found a staircase to the Ecumenical Temple.
  4389 | D:6      | Noticed Menkaure
  4397 | D:6      | Killed Menkaure
  4398 | D:6      | Reached skill level 11 in Polearms
  4678 | D:2      | Noticed Natasha
  4682 | D:2      | Killed Natasha
  5959 | D:8      | Reached XP level 10. HP: 76/76 MP: 10/10
  6246 | D:8      | Reached **** piety under Trog
  6406 | D:8      | Found a sparkling altar of Nemelex Xobeh.
  6508 | D:8      | Reached skill level 5 in Armour
  6516 | D:8      | Noticed a death yak
  6533 | D:8      | Killed a death yak
  6534 | D:8      | Reached skill level 12 in Polearms
  6586 | D:8      | Reached skill level 1 in Evocations
  6591 | D:8      | Found a staircase to the Lair.
  6751 | D:8      | Found a roughly hewn altar of Beogh.
  7069 | D:9      | Noticed Psyche
  7099 | D:9      | Killed from afar by an orc priest

Illustrated notes

Levels and vault maps discovered:
D:1:      nagdon_arrival_double_spiral, layout_loops_ring, serial_forest,
          infiniplex_forest_zigzag_1, infiniplex_forest_clump_long,
          infiniplex_forest_clump_cross, infiniplex_forest_lined_2,
          infiniplex_forest_straight_3, infiniplex_forest_clump_curved,
          infiniplex_forest_clump_tiny, ebering_ecumenical_altar_petrified,
          minmay_nonomino_d4
D:2:      layout_basic, uniq_natasha, uniq_crazy_yiuf_cottage
D:3:      layout_basic
D:4:      layout_rooms
D:5:      layout_loops_ring, uniq_eustachio, uniq_sigmund, uniq_prince_ribbit1,
          uniq_pikel, uniq_edmund
D:6:      layout_loops_ring, minmay_temple_entry_purple_smoke, uniq_menkaure
D:7:      layout_basic, nicolae_fountain_basement
D:8:      layout_basic, nemelex_spade_bored_becter, dpeg_lair_monsters,
          special_room [special_room_orc], grunt_ministairs_2
D:9:      layout_small_grid, kennysheep_orc_monster_closet_entryway,
          uniq_psyche, uniq_harold

Skill      XL: |  1  2  3  4  5  6  7  8  9 10 |
---------------+-------------------------------+-----
Polearms       | 3 4 5 7 9 11 12 | 12.7
Fighting       | 4 5 6 |  6.0
Armour         | 4 6 |  6.0
Evocations     | 4 |  4.4
Dodging        | |  1.7

Action                     |  1- 3 |  4- 6 |  7- 9 | 10-12 || total
---------------------------+-------+-------+-------+-------++-------
  Melee: Spear             |   125 |   203 |   168 |   135 ||   631
         Dagger            |    16 |       |       |       ||    16
         Trident           |       |       |   278 |   159 ||   437
  Throw: Dart              |       |       |       |     2 ||     2
 Invoke: Berserk           |       |     3 |     6 |     1 ||    10
         Trog's Hand       |       |     2 |     2 |     2 ||     6
    Use: Scroll            |       |       |    16 |     1 ||    17
   Stab: Sleeping          |     1 |       |       |       ||     1
 Armour: Animal skin       |     4 |       |       |       ||     4
         Leather armour    |    21 |    23 |       |       ||    44
         Chain mail        |       |    16 |    76 |       ||    92
         Plate armour      |       |       |    70 |    66 ||   136
  Dodge: Dodged            |    27 |    26 |    56 |    21 ||   130

Table legend: (Time is in decaauts)
 A = Elapsed time spent in this place.
 B = Non-inter-level travel time spent in this place.
 C = Inter-level travel time spent in this place.
 D = Time resting spent in this place.
 E = Time spent auto-exploring this place.
 F = Levels seen in this place.
 G = Mean time per level.
                   A        B        C        D        E       F      G
               +--------+--------+--------+--------+--------+-----+--------+
         Total |   7096 |   6548 |    548 |    446 |   4847 |   9 |  788.4 |
       Dungeon |   7096 |   6548 |    548 |    446 |   4847 |   9 |  788.4 |
               +--------+--------+--------+--------+--------+-----+--------+

Top non-repeatable levels by time:
     D:4: 1161 daAuts
     D:8: 1098 daAuts
     D:5: 950 daAuts
     D:3: 868 daAuts
     D:2: 860 daAuts
     D:1: 824 daAuts
     D:6: 768 daAuts
     D:7: 539 daAuts
     D:9: 26 daAuts
